 Dungeon Crawl Stone Soup version 0.29-a0-359-g541a27f54d (webtiles) character file.

Game seed: 1043700755570058887

630 Essalna the Conjurer (level 7, -1/52 HPs)
             Began as a Demonspawn Conjurer on Apr 28, 2022.
             Slain by a vampire mosquito (7 damage)
             ... on level 7 of the Dungeon.
             The game lasted 00:13:09 (5756 turns).

Essalna the Conjurer (Demonspawn Conjurer)          Turns: 5756, Time: 00:13:10

Health: -1/52      AC:  4    Str: 13    XL:     7   Next: 24%
Magic:  3/14       EV: 12    Int: 21    God:
Gold:   159        SH:  0    Dex: 12    Spells: 8/15 levels left

rFire   + . .      SeeInvis .   p - +2 whip (flame)
rCold   + . .      Faith    .   (no shield)
rNeg    . . .      Spirit   .   a - +0 robe
rPois   .          Reflect  .   (helmet restricted)
rElec   .          Harm     .   j - scarf {rC+ rF+}
rCorr   .          Rampage  .   o - +0 pair of gloves
Will    .....                   w - +0 pair of boots
Stlth   ++........              (no amulet)
HPRegen 0.17/turn               d - ring of wizardry
MPRegen 0.14/turn               q - +6 ring of strength

@: flying
A: antennae 2, demonic guardian 1
a: no special abilities


You were on level 7 of the Dungeon.
You visited 1 branch of the dungeon, and saw 5 of its levels.
You also visited: Ossuary.

You collected 159 gold pieces.

Inventory:

Hand Weapons
 p - a +2 whip of flaming (weapon)
Armour
 a - a +0 robe (worn)
 j - a scarf of resistance (worn)
 o - a +0 pair of gloves (worn)
 w - a +0 pair of boots (worn)
Jewellery
 d - a ring of wizardry (left hand)
 k - an amulet of faith
 q - a +6 ring of strength (right hand)
Wands
 y - a wand of flame (10)
 B - a wand of iceblast (4)
 C - a wand of paralysis (5)
Scrolls
 c - a scroll of enchant weapon {unknown}
 e - a scroll of identify
 f - 2 scrolls of amnesia
 h - 4 scrolls of teleportation
 m - a scroll of vulnerability {unknown}
 r - a scroll of enchant armour {unknown}
 A - a scroll of magic mapping
Potions
 b - 2 potions of magic
 g - 2 potions of flight
 i - a potion of attraction {unknown}
 l - a potion of invisibility {unknown}
 n - a potion of haste {unknown}
 s - 3 potions of degeneration {unknown}
 t - a potion of berserk rage {unknown}
 u - 3 potions of might {unknown}
 v - a potion of heal wounds {unknown}
 x - a potion of curing {unknown}
 z - a potion of cancellation {unknown}


   Skills:
 + Level 3.0 Fighting
 - Level 1.7 Dodging
 - Level 1.7 Stealth
 + Level 4.8 Spellcasting
 + Level 6.3 Conjurations
 + Level 1.2 Translocations


You had 8 spell levels left.
You knew the following spells:

 Your Spells              Type           Power      Damage    Failure   Level
a - Magic Dart            Conj           100%       1d8       1%          1
b - Searing Ray           Conj           62%        2d6       1%          2
c - Iskenderun's Mystic   Conj/Tloc      20%        2d6       10%         4

Your spell library contained the following spells:

 Spells                   Type           Power      Damage    Failure   Level
 Dazzling Flash           Conj/Hex       36%        N/A       3%          3
 Mephitic Cloud           Conj/Pois/Air  13%        N/A       6%          3
 Fulminant Prism          Conj/Hex       9%         3d7       12%         4
 Ignite Poison            Fire/Tmut/Pois 5%         N/A       13%         3
 Irradiate                Conj/Tmut      9%         3d16      32%         5
 Freezing Cloud           Conj/Ice/Air   6%         6-21      45%         5
 Blade Hands              Tmut           2%         N/A       73%         5
 Dragon Form              Tmut           2%         N/A       100%        7


Dungeon Overview and Level Annotations

Branches:
Dungeon (4/15)            Ossuary (visited)
 Temple: D:4-7

Altars:
Dithmenos
Trog

Shops:
D:3 (   D:4 (


Innate Abilities, Weirdness & Mutations

You have a pair of antennae on your head.
A weak demonic guardian rushes to your aid.


Message History

The searing ray hits the kobold brigand.
The kobold brigand is severely wounded.
The vampire mosquito bites you!
* * * LOW HITPOINT WARNING * * *
The vampire mosquito draws strength from your injuries!
The vampire mosquito bites you.
* * * LOW HITPOINT WARNING * * *
The vampire mosquito draws strength from your injuries!
You have reached level 7!
The searing ray hits the vampire mosquito!
The vampire mosquito is heavily damaged.
The searing ray hits the kobold brigand.
The kobold brigand is almost dead.
The vampire mosquito bites you but does no damage.
The vampire mosquito closely misses you.
The searing ray hits the vampire mosquito.
The vampire mosquito is severely damaged.
The searing ray hits the kobold brigand!
You kill the kobold brigand!
You finish channelling your searing ray.
The vampire mosquito bites you.
* * * LOW HITPOINT WARNING * * *
The vampire mosquito draws strength from your injuries!
The vampire mosquito bites you.
* * * LOW HITPOINT WARNING * * *
A demonic guardian appears!
The vampire mosquito draws strength from your injuries!
Your Fighting skill increases to level 3!
Your Translocations skill increases to level 1!
Okay, then.
Casting: Searing Ray (safe; 1% risk of failure)
Confirm with . or Enter, or press ? or * to list all spells.
You don't have enough magic to cast this spell.
Unknown command.
Unknown command.
Unknown command.
It was a potion of flight.
You feel very buoyant.
You fly up into the air.
The vampire mosquito bites you!
You die...

### .. ####.♣ ♣
#..#.♣♣..♣♣
#..'.......
#.≈'..K.?..
#5##.♣♣..♣♣ #y# .♣
.♣ #@# .. #.# ###
###############.###
#.................#
#.#################
#.# ..# #.# #.#
#.#.# #.# #.#.# #.#


You could see a vampire mosquito (ally target) and a friendly iron imp
(summoned).

Vanquished Creatures
  Menkaure (Ossuary)
  A sky beast (D:7)
  A kobold brigand (D:7)
  Crazy Yiuf (D:2)
  Jessica (D:2)
  Natasha (thrice) (D:2)
  3 mummies (Ossuary)
  5 adders
  A worm (D:2)
  11 ball pythons
  6 endoplasms
  10 giant cockroaches
  3 gnoll zombies (Ossuary)
  8 goblins
  12 hobgoblins
  11 jackals
  3 quokkas
  7 bats
  2 frilled lizards (D:1)
  5 gnoll skeletons (Ossuary)
  7 goblin skeletons (Ossuary)
  6 goblin zombies (Ossuary)
  5 hobgoblin skeletons (Ossuary)
  3 hobgoblin zombies (Ossuary)
  7 kobolds
  2 kobold skeletons (Ossuary)
  5 kobold zombies (Ossuary)
  4 orc skeletons (Ossuary)
  6 orc zombies (Ossuary)
  6 rats
  2 rat skeletons (Ossuary)
  2 rat zombies (Ossuary)
150 creatures vanquished.

Notes
Turn   | Place    | Note
-------+----------+-------------------------------------------
     0 | D:1      | Essalna the Demonspawn Conjurer began the quest for the
                  | Orb.
     0 | D:1      | Reached XP level 1. HP: 13/13 MP: 3/3
    25 | D:1      | You fall into a shaft and drop 1 floor!
   181 | D:2      | Noticed Natasha
   185 | D:2      | Noticed a crimson imp
   186 | D:3      | Found Nynaff's Antique Weapon Shop.
   186 | D:3      | Found a faded altar of an unknown god.
   299 | D:3      | Found a bloodstained altar of Trog.
   336 | D:3      | Gained mutation: You have a pair of small antennae on your
                  | head. [demonic ancestry]
   336 | D:3      | Reached XP level 2. HP: 19/19 MP: 3/5
   400 | D:3      | Learned a level 2 spell: Searing Ray
  1064 | D:1      | Reached XP level 3. HP: 11/24 MP: 0/7
  1768 | D:2      | Killed Natasha
  1769 | D:2      | Gained mutation: You have a pair of antennae on your head.
                  | [demonic ancestry]
  1769 | D:2      | Reached XP level 4. HP: 30/30 MP: 0/8
  1935 | D:2      | Reached skill level 5 in Conjurations
  2110 | D:2      | Noticed Natasha
  2116 | D:2      | Killed Natasha
  2205 | D:2      | Noticed Jessica
  2210 | D:2      | Killed Jessica
  2211 | D:2      | Reached XP level 5. HP: 35/35 MP: 5/10
  2842 | D:2      | Found a runed translucent door.
  2843 | D:2      | Noticed Crazy Yiuf
  3064 | D:2      | Noticed Natasha
  3069 | D:2      | Killed Natasha
  3070 | D:2      | Reached skill level 1 in Fighting
  3213 | D:2      | Killed Crazy Yiuf
  3938 | D:4      | Found Irarag's Weapon Shoppe.
  3964 | D:4      | Found a sand-covered staircase.
  3965 | D:4      | Paralysed by a hobgoblin for 4 turns
  3978 | Ossuary  | Entered an ossuary
  4122 | Ossuary  | Gained mutation: A weak demonic guardian rushes to your
                  | aid. [demonic ancestry]
  4122 | Ossuary  | Reached XP level 6. HP: 43/43 MP: 9/12
  5042 | Ossuary  | Noticed Menkaure
  5051 | Ossuary  | Killed Menkaure
  5052 | Ossuary  | Reached skill level 6 in Conjurations
  5401 | D:4      | Learned a level 4 spell: Iskenderun's Mystic Blast
  5531 | D:4      | Found a shadowy altar of Dithmenos.
  5695 | D:4      | You fall into a shaft and drop 3 floors!
  5742 | D:7      | Noticed a sky beast
  5742 | D:7      | Noticed a vampire mosquito
  5753 | D:7      | Killed a sky beast
  5754 | D:7      | Reached XP level 7. HP: 13/51 MP: 4/14
  5756 | D:7      | Reached skill level 1 in Translocations
  5756 | D:7      | Slain by a vampire mosquito

Illustrated notes

Levels and vault maps discovered:
D:1:      minmay_arrival_hallway, layout_rooms, minmay_tall_x
D:2:      minmay_roachtagon, layout_basic, grunt_ministairs_5, st_stairs_3,
          supply_closet_lemuel, uniq_jessica, uniq_natasha,
          uniq_crazy_yiuf_cottage
D:3:      layout_basic, mainiacjoe_overflow_small_starburst, serial_shops, shop,
          ebering_ecumenical_altar_ruins
D:4:      layout_loops_corners, kennysheep_little_box, lemuel_doored_altar,
          serial_shops, nicolae_shop_advertising_works
          [nicolae_subvault_shop_adworks], chequers_ossuary_entry_cave,
          uniq_eustachio
D:7:      layout_basic, mainiacjoe_overflow_six_doors_small,
          kennysheep_generic_room_5

Skill      XL: |  1  2  3  4  5  6  7 |
---------------+----------------------+-----
Spellcasting   | 3 4 |  4.8
Conjurations   | 5 6 |  6.3
Fighting       | 1 2 3 |  3.0
Translocations | 1 |  1.2
Dodging        | |  1.7
Stealth        | |  1.7

Action                   |  1- 3 |  4- 6 |  7- 9 || total
-------------------------+-------+-------+-------++-------
Melee: Unarmed           |    19 |       |       ||    19
       Punch             |     1 |     1 |       ||     2
       Whip              |       |    40 |       ||    40
 Cast: Magic Dart        |    73 |   234 |       ||   307
       Searing Ray       |     2 |     5 |       ||     7
Evoke: Wand              |       |     1 |       ||     1
  Use: Scroll            |       |     8 |       ||     8
       Potion            |       |       |     1 ||     1
 Stab: Sleeping          |       |     1 |       ||     1
Armor: Robe              |     3 |    13 |     1 ||    17
Dodge: Dodged            |    18 |    30 |     1 ||    49

Table legend: (Time is in decaauts)
 A = Elapsed time spent in this place.
 B = Non-inter-level travel time spent in this place.
 C = Inter-level travel time spent in this place.
 D = Time resting spent in this place.
 E = Time spent auto-exploring this place.
 F = Levels seen in this place.
 G = Mean time per level.
                   A        B        C        D        E       F      G
               +--------+--------+--------+--------+--------+-----+--------+
         Total |   5762 |   5515 |    247 |     86 |   4581 |   6 |  960.3 |
       Dungeon |   4378 |   4131 |    247 |     86 |   3448 |   5 |  875.6 |
       Ossuary |   1384 |   1384 |      0 |      0 |   1133 |   1 | 1384.0 |
               +--------+--------+--------+--------+--------+-----+--------+

Top non-repeatable levels by time:
     D:2: 1945 daAuts
 Ossuary: 1384 daAuts
     D:1: 1090 daAuts
     D:3: 837 daAuts
     D:4: 444 daAuts
     D:7: 60 daAuts
